 Dungeon Crawl Stone Soup version 0.23.2-40-g277498a001 (webtiles) character file.

Game seed: 16045093048719568527

37 FishyPogo the Grasshopper (level 3, -5/30 HPs)
             Began as a Draconian Warper on Sept 28, 2019.
             Killed by divine providence
             ... invoked by an orc priest
              (12 damage)
             ... on level 4 of the Dungeon.
             The game lasted 00:04:23 (919 turns).

FishyPogo the Grasshopper (Draconian Warper)         Turns: 919, Time: 00:04:24

Health: -5/30      AC:  7    Str: 13    XL:     3   Next: 21%
Magic:  6/6        EV: 13    Int: 13    God:
Gold:   88         SH:  0    Dex: 14    Spells: 2/6 levels left

rFire    . . .     SeeInvis .   a - +0 spear
rCold    . . .     Gourm    .   (no shield)
rNeg     . . .     Faith    .   (armour unavailable)
rPois    .         Spirit   .   (helmet restricted)
rElec    .         Reflect  .   (no cloak)
rCorr    .         Harm     .   i - +1 pair of gloves {Dex+3}
MR       .....                  (no boots)
Stlth    +.........             (no amulet)
HPRegen  0.10/turn              (no ring)
MPRegen  0.10/turn              (no ring)

@: no status effects
A: unfitting armour, cold-blooded, AC +5
a: no special abilities


You were on level 4 of the Dungeon.
You were not hungry.

You visited 1 branch of the dungeon, and saw 3 of its levels.

You collected 88 gold pieces.

Inventory:

Hand Weapons
 a - a +0 spear (weapon)
Missiles
 d - 5 tomahawks of dispersal (quivered)
 g - 7 stones
Armour
 i - a +1 pair of gloves of dexterity (worn)
Wands
 b - a wand of polymorph (12)
Scrolls
 c - a scroll of blinking
 h - a scroll of remove curse {unknown}
 j - a scroll of fear {unknown}
 k - a scroll of identify
 l - a scroll of amnesia {unknown}
Potions
 m - 2 potions of agility
Comestibles
 f - a ration


   Skills:
 * Level 2.8 Fighting
 + Level 2.3 Polearms
 - Level 1.3 Throwing
 + Level 2.6 Dodging
 - Level 2.0 Spellcasting
 * Level 0.1 Charms
 - Level 3.1 Translocations
 + Level 0.0 Evocations


You had 2 spell levels left.
You knew the following spells:

 Your Spells              Type           Power        Failure   Level  Hunger
b - Shroud of Golubria    Chrm/Tloc      #.........   21%         2    ###....
c - Blink                 Tloc           N/A          11%         2    ###....

Your spell library contained the following spells:

 Spells                   Type           Power        Failure   Level  Hunger
 Gell's Gravitas          Tloc           #.........   22%         3    ####...
 Lesser Beckoning         Tloc           #.........   22%         3    ####...
 Teleport Other           Tloc           #.......     22%         3    ####...
 Passage of Golubria      Tloc           N/A          56%         4    #####..


Dungeon Overview and Level Annotations

Branches:
Dungeon (2/15)

Altars:


Innate Abilities, Weirdness & Mutations

Your plain brown scales are hard. (AC +5)
You cannot fit into any form of body armour.
You are cold-blooded and may be slowed by cold attacks.


Message History

You hit the orc priest but do no damage.
The orc priest hits you with a +0 flail.
The orc priest mumbles some strange prayers to Beogh against you.
Beogh smites you!
* * * LOW HITPOINT WARNING * * *
Blink to where?
Press: ? - help, Dir - move target cursor
Okay, then.
Unknown command.
There isn't anything here!
As you read the scroll labeled OWUEFOME DOAR, it crumbles to dust.
It is a scroll of identify.
m - 2 potions of agility The orc priest looks satisfied for a moment.
It was a potion of curing.
You feel better.
The orc priest hits you with a +0 flail!
* * * LOW HITPOINT WARNING * * *
The orc priest calls down the wrath of Beogh upon you.
Beogh smites you!
You die...

### #.. #.# #.. #.. #..
#.####################..
#..oo.o@................
#######################.
#############################.#
......................s.......#
###########################..#.
#...# #...# ##... ##..


You could see 2 orc priests and an orc.

Vanquished Creatures
  An adder (D:4)
  2 dart slugs (D:1)
  2 leopard geckos (D:1)
  2 giant cockroaches (D:1)
  2 goblins
  4 hobgoblins (D:1)
  2 jackals (D:1)
  A kobold (D:1)
  A frilled lizard (D:1)
  3 rats
20 creatures vanquished.

Notes
Turn   | Place    | Note
-------+----------+-------------------------------------------
     0 | D:1      | FishyPogo the Draconian Warper began the quest for the Orb.
     0 | D:1      | Reached XP level 1. HP: 17/17 MP: 3/3
    83 | D:1      | Reached skill level 1 in Throwing
    92 | D:1      | Reached XP level 2. HP: 21/25 MP: 5/5
   152 | D:1      | Learned a level 2 spell: Blink
   155 | D:1      | Learned a level 2 spell: Shroud of Golubria
   806 | D:2      | You fall through a shaft for 2 floors!
   813 | D:4      | Reached XP level 3. HP: 30/30 MP: 6/6
   877 | D:4      | Noticed a scorpion
   919 | D:4      | Killed from afar by an orc priest

Skill      XL: |  1 |
---------------+----+-----
Throwing       | 1 |  1.3
Fighting       | |  2.8
Polearms       | |  2.3
Dodging        | |  2.6
Spellcasting   | |  2.0
Charms         | |  0.1
Translocations | |  3.1

Action                   || total
-------------------------++-------
Melee: Spear             ||    83
       Tailslap          ||     6
 Cast: Blink             ||     1
  Use: Scroll            ||     1
       Potion            ||     1
 Stab: Sleeping          ||     1
Armor: Skin              ||    14
Dodge: Dodged            ||    44
